 Dungeon Crawl Stone Soup version 0.30.1-5-ged363bc7ee (webtiles) character file.

Game seed: 7437465120706845257

5 boopmooplesden the Covered (level 1, -1/19 HPs)
             Began as an Armataur Fighter on Sept 20, 2023.
             Frozen to death by an endoplasm (4 damage)
             ... on level 1 of the Dungeon.
             The game lasted 00:00:50 (219 turns).

boopmooplesden the Covered (Armataur Fighter)        Turns: 219, Time: 00:00:52

Health: -1/19      AC:  7    Str: 21    XL:     1   Next: 66%
Magic:  1/1        EV:  7    Int:  8    God:
Gold:   7          SH:  9    Dex:  9    Spells: 0/0 levels left

rFire   . . .        a - +0 long sword
rCold   . . .        c - +0 buckler
rNeg    . . .        b - +0 scale mail
rPois   .            (no helmet)
rElec   .            (no cloak)
rCorr   .            (no gloves)
SInv    .            (no barding)
Will    .....        h - amulet of reflection Stlth
                     (no ring)
HPRegen 0.23/turn    (no ring)
MPRegen 0.07/turn

%: reflection, roll
@: no status effects
A: large, rugged brown scales 3, deformed body, armoured tail, roll, long
tongue, awkward tongue
a: no special abilities


You were on level 1 of the Dungeon.
You visited 1 branch of the dungeon, and saw 1 of its levels.

You collected 7 gold pieces.

Inventory:

Hand Weapons
 a - a +0 long sword (weapon)
Armour
 b - a +0 scale mail (worn)
 c - a +0 buckler (worn)
Jewellery
 h - an amulet of reflection (around neck)
Scrolls
 e - a scroll of noise {unknown}
 f - a scroll of teleportation {unknown}
Potions
 d - a potion of might
 g - a potion of heal wounds {unknown}


   Skills:
 + Level 2.8 Fighting
 + Level 1.9 Long Blades
 + Level 3.8 Armour
 + Level 3.3 Shields


You couldn't memorise any spells.
You didn't know any spells.
Your spell library was empty.

Dungeon Overview and Level Annotations

Branches:
Dungeon (1/15)

Altars:


Innate Abilities, Weirdness & Mutations

You are completely covered in rugged brown scales. (AC +3, +7% HP)
Armour fits poorly on your strangely shaped body.
You have a long armoured tail.
You roll when moving toward enemies. (Rampage)
Your long tongue fully drains potion bottles. (2x potion effects)
Your tongue gives you trouble enunciating. (1.5x scroll delay)


Message History

h - an amulet of reflection (around neck)
Found 3 stones.
Found a helmet.
A kobold comes into view.
It is wielding a +1 short sword of venom.
The kobold shouts!
An endoplasm comes into view.
The endoplasm quivers.
You roll towards the kobold!
An endoplasm comes into view.
The kobold completely misses you. The endoplasm freezes you.
You are frozen.
You block the kobold's attack.
You closely miss the kobold.
The endoplasm hits you but does no damage.
You block the kobold's attack.
The kobold hits you with a +1 short sword of venom.
You are poisoned.
The endoplasm hits you but does no damage.
You barely miss the kobold. You tail-slap the kobold.
You kill the kobold!
You feel very sick.
The endoplasm hits you but does no damage.
You feel sick. You block the endoplasm's attack.
You see here a +1 short sword of venom.
The endoplasm attacks as you move away! The endoplasm hits you.
You feel sick.
You barely miss the endoplasm.
You feel sick. You block the endoplasm's attack.
The endoplasm hits you but does no damage.
You hit the endoplasm.
The endoplasm is lightly wounded.
You feel sick. The endoplasm closely misses you.
You block the endoplasm's attack.
The endoplasm hits you but does no damage.
The endoplasm completely misses you.
You barely miss the endoplasm.
The endoplasm is lightly wounded.
You feel sick.
You are no longer poisoned.
The endoplasm freezes you.
You are frozen.
You die...

# ..#.# #..#.# ####+####
#####....#
#.......###........#+#
.####........##...........
.......[.....##...........
.............##.##........
........J@................
........J....##...........
.............##..(........
............###...........
............# #.......#.#.
#####.......# #########.#.
##.####.# #.#. #. #.# #.#.
#...


You could see 2 endoplasms.

Vanquished Creatures
  2 kobolds (D:1)
  A quokka (D:1)
  A ball python (D:1)
  A rat (D:1)
5 creatures vanquished.

Notes
Turn   | Place    | Note
-------+----------+-------------------------------------------
     0 | D:1      | boopmooplesden the Armataur Fighter began the quest for the
                  | Orb.
     0 | D:1      | Reached XP level 1. HP: 19/19 MP: 1/1
   219 | D:1      | Frozen to death by an endoplasm

Illustrated notes

Levels and vault maps discovered:
D:1:      onia_arrival_pentagram, layout_basic

Action                     || total
---------------------------++-------
  Melee: Long sword        ||    19
         Tailslap          ||     2
 Armour: Scale mail        ||    12
  Dodge: Dodged            ||     7
  Block: Buckler           ||     7
